 Dungeon Crawl Stone Soup version 0.24-a0-285-g3c078ff (webtiles) character file.

Game seed: 3070283567468223783

280 galech the Chopper (level 6, 6/48 HPs)
             Began as a Demonspawn Fighter on May 7, 2019.
             Was a Follower of Okawaru.
             Quit the game on level 3 of the Dungeon.
             The game lasted 00:03:04 (1922 turns).

galech the Chopper (Demonspawn Fighter)             Turns: 1922, Time: 00:03:06

Health: 6/48       AC:  8    Str: 16    XL:     6   Next: 5%
Magic:  6/6        EV:  7    Int: 10    God:    Okawaru [*.....]
Gold:   171        SH:  9    Dex: 14    Spells: 5/5 levels left

rFire    + . .     SeeInvis .   a - +0 war axe
rCold    + . .     Gourm    .   c - +0 shield
rNeg     . . .     Faith    .   b - +0 scale mail
rPois    .         Spirit   .   (helmet restricted)
rElec    .         Reflect  .   l - scarf {rC+ rF+}
rCorr    +         Harm     .   (no gloves)
MR       .....     Rnd*Tele +   t - +0 pair of boots
Stlth    +.........             p - amulet of rage
HPRegen  0.16/turn              y - ring of teleportation (curse)
MPRegen  0.10/turn              k - ring of resist corrosion

@: no status effects
A: horns 2, nightstalker 1
a: Heroism, Renounce Religion, Evoke Berserk Rage


You were on level 3 of the Dungeon.
You worshipped Okawaru.
Okawaru was aware of your devotion.
You were hungry.

You visited 1 branch of the dungeon, and saw 3 of its levels.

You collected 171 gold pieces.

Inventory:

Hand Weapons
 a - a +0 war axe (weapon)
Armour
 b - a +0 scale mail (worn)
 c - a +0 shield (worn)
 l - a scarf of resistance (worn)
 t - a +0 pair of boots (worn)
 D - a scarf of repulsion
Jewellery
 e - an uncursed ring of stealth
 k - a ring of resist corrosion (right hand)
 p - an amulet of rage (around neck)
 y - a cursed ring of teleportation (left hand)
 A - an uncursed ring of flight
Wands
 w - a wand of acid (6)
Scrolls
 h - a scroll of teleportation
 j - a scroll of remove curse {unknown}
 m - a scroll of enchant armour {unknown}
 n - a scroll of noise {unknown}
 o - a scroll of immolation {unknown}
 r - a scroll of random uselessness {unknown}
 u - a scroll of amnesia {unknown}
 v - a scroll of magic mapping {unknown}
 z - a scroll of blinking {unknown}
Potions
 d - 3 potions of might
 g - a potion of degeneration {unknown}
 i - 2 potions of curing {unknown}
 q - a potion of haste {unknown}
 x - a potion of invisibility {unknown}
 B - a potion of cancellation {unknown}
 C - a potion of agility {unknown}
Comestibles
 f - 7 rations
 s - 2 chunks of flesh


   Skills:
 + Level 3.8 Fighting
 + Level 3.9 Axes
 + Level 3.5 Armour
 + Level 0.6 Dodging
 + Level 1.0 Stealth
 + Level 3.4 Shields
 + Level 0.2 Evocations


You had 5 spell levels left.
You didn't know any spells.
Your spell library was empty.

Dungeon Overview and Level Annotations

Branches:
Dungeon (3/15)

Altars:
Okawaru
Xom


Innate Abilities, Weirdness & Mutations

You have a pair of horns on your head.
You are slightly more attuned to the shadows.


Message History

You hit the gnoll but do no damage. You headbutt the gnoll.
You kill the gnoll!
Okawaru accepts your kill.
You hit the bat. The bat hits you.
* * * LOW HITPOINT WARNING * * *
You are feeling hungry.
You block the bat's attack. You block the bat's attack.
You miss the bat.
The bat is severely wounded.
The bat hits you but does no damage. The bat closely misses you.
The bat hits you but does no damage. The bat closely misses you.
You see here 7 gold pieces.
The bat barely misses you. The bat hits you but does no damage.
The bat closely misses you. The bat hits you but does no damage.
The bat barely misses you.
You see here 7 gold pieces.
Are you sure you want to abandon this character and quit the game? (Confirm with "yes".)

##... #.... #.... #....
#...####### #........#
#...b@...# # #########
#........##.## #.......#
#....)†....... #.#####.#
#...)†)..####
......#)#####.........###.##
...#....).).#..............
#.....#.###.#######.##.##.#
#.###.#.# #.# #.##.##.#
#.......###.## #.......#


You could see a bat.

Vanquished Creatures
  A necrophage (D:2)
  An orc wizard (D:3)
  4 gnolls (D:3)
  5 adders (D:2)
  A worm (D:3)
  A dart slug (D:2)
  2 leopard geckos (D:1)
  7 orcs (D:3)
  A ball python (D:1)
  2 giant cockroaches (D:2)
  10 goblins
  10 hobgoblins
  4 jackals
  6 bats
  2 frilled lizards (D:1)
  5 kobolds
  5 rats
67 creatures vanquished.

Notes
Turn   | Place    | Note
-------+----------+-------------------------------------------
     0 | D:1      | galech the Demonspawn Fighter began the quest for the Orb.
     0 | D:1      | Reached XP level 1. HP: 18/18 MP: 1/1
   240 | D:1      | Gained mutation: You have a pair of small horns on your
                  | head. [demonic ancestry]
   240 | D:1      | Reached XP level 2. HP: 23/24 MP: 2/2
   344 | D:1      | Found an iron altar of Okawaru.
   352 | D:1      | Became a worshipper of Warmaster Okawaru
   756 | D:2      | Reached XP level 3. HP: 17/29 MP: 3/3
  1003 | D:2      | Gained mutation: You have a pair of horns on your head.
                  | [demonic ancestry]
  1003 | D:2      | Reached XP level 4. HP: 35/35 MP: 4/4
  1279 | D:2      | Found a faded altar of an unknown god.
  1385 | D:2      | Noticed a necrophage
  1390 | D:2      | Killed a necrophage
  1390 | D:2      | Reached skill level 1 in Stealth
  1390 | D:2      | Reached XP level 5. HP: 35/42 MP: 5/5
  1499 | D:2      | Found a shimmering altar of Xom.
  1900 | D:3      | Reached * piety under Okawaru
  1911 | D:3      | Gained mutation: You are slightly more attuned to the
                  | shadows. [demonic ancestry]
  1911 | D:3      | Reached XP level 6. HP: 5/48 MP: 6/6
  1922 | D:3      | Quit the game

Levels and vault maps discovered:
D:1:      roderic_chinese_lattice_arrival, layout_basic,
          okawaru_ov_weapons_minmay
D:2:      layout_rooms, lemuel_round_altar, chequers_ecumenical_altar_twisty,
          first_ration
D:3:      layout_loops_cross, grunt_temple_overflow_open

Skill      XL: |  1  2  3  4 |
---------------+-------------+-----
Axes           | 2 3 |  3.9
Armour         | 3 |  3.5
Stealth        | 1 |  1.0
Shields        | 3 |  3.4
Fighting       | |  3.8
Dodging        | |  0.6
Evocations     | |  0.2

Action                   |  1- 3 |  4- 6 || total
-------------------------+-------+-------++-------
Melee: War axe           |    82 |   101 ||   183
       Headbutt          |     4 |    18 ||    22
 Abil: Evoke Berserk Rag |     2 |       ||     2
  Use: Scroll            |       |     1 ||     1
 Stab: Sleeping          |       |     1 ||     1
  Eat: Chunk             |     1 |     4 ||     5
Armor: Scale mail        |    36 |    67 ||   103
Dodge: Dodged            |    23 |    42 ||    65
Block: Shield            |    49 |    46 ||    95

Table legend:
 A = Non-vault XP
 B = Vault XP
 C = Vault XP percentage of total XP
 D = Non-vault monster count
 E = Vault monster count
 F = Vault count percentage of total count
                 A         B        C        D         E       F
            +---------+---------+-------+---------+---------+-------
      Total |     401 |       0 |   0.0 |      67 |       0 |   0.0
            +---------+---------+-------+---------+---------+-------
        D:1 |      29 |       0 |   0.0 |      17 |       0 |   0.0
        D:2 |     231 |       0 |   0.0 |      27 |       0 |   0.0
        D:3 |     141 |       0 |   0.0 |      23 |       0 |   0.0
            +---------+---------+-------+---------+---------+-------
